 Dungeon Crawl Stone Soup version 0.30.0-19-g36f170ea60 (webtiles) character file.

Game seed: 10504814436951827668

82 Sabo the Trooper (level 4, -5/35 HPs)
             Began as a Demonspawn Berserker on May 28, 2023.
             Was a Believer of Trog.
             Slain by an ogre
             ... wielding a +0 giant club
              (22 damage)
             ... on level 2 of the Dungeon.
             The game lasted 00:09:55 (1854 turns).

Sabo the Trooper (Demonspawn Berserker)             Turns: 1854, Time: 00:09:55

Health: -5/35      AC:  9    Str: 20    XL:     4   Next: 21%
Magic:  4/4        EV: 11    Int:  8    God:    Trog [**....]
Gold:   65         SH:  0    Dex: 12    Spells: 3/3 levels left

rFire   . . .        b - +0 sling (elec)
rCold   + . .        (no shield)
rNeg    . . .        k - +1 ring mail {rC+}
rPois   .            (no helmet)
rElec   .            i - +2 cloak
rCorr   .            (no gloves)
SInv    .            (no boots)
Will    .....        (no amulet)
Stlth   +            (no ring)
HPRegen 0.25/turn    (no ring)
MPRegen 0.09/turn

%: no passive effects
@: no status effects
A: foul stench 1, weakness stinger 1
a: Renounce Religion, Berserk, Trog's Hand


You were on level 2 of the Dungeon.
You worshipped Trog.
Trog was pleased with you.
You visited 1 branch of the dungeon, and saw 2 of its levels.

You collected 65 gold pieces.

Inventory:

Hand Weapons
 a - a +0 hand axe
 b - a +0 sling of electrocution (weapon)
Missiles
 f - 4 poisoned darts
Armour
 i - a +2 cloak (worn)
 k - a +1 ring mail of cold resistance (worn)
Wands
 c - a wand of iceblast (7)
Scrolls
 j - a scroll of magic mapping
 l - a scroll of fear {unknown}
Potions
 d - a potion of resistance
 e - a potion of mutation {unknown}
 g - a potion of curing
 h - 2 potions of haste
 m - a potion of flight {unknown}


   Skills:
 + Level 3.4 Fighting
 + Level 3.1 Axes
 + Level 2.2 Ranged Weapons
 + Level 2.1 Armour
 + Level 2.0 Dodging


You had 3 spell levels left.
You didn't know any spells.
Your spell library was empty.

Dungeon Overview and Level Annotations

Branches:
Dungeon (2/15)

Altars:


Innate Abilities, Weirdness & Mutations

You may rarely emit foul miasma when damaged in melee.
You have a small tail.


Message History

There is an open door here.
You see here a ball python corpse.
You see here a ball python corpse.
You open the large door.
There is a large open door here.
There is a large open door here.
An endoplasm comes into view.
The endoplasm quivers.
An ogre and a ball python come into view.
The ogre shouts!
The ball python hisses angrily.
You hear an angry hiss.
Fire: b) +0 sling (elec)
Press: ? - help, Q - select action, (/) - cycle Shift-Dir - straight line, f - endoplasm
Aim: an endoplasm (85% to hit)
You shoot a sling bullet. The sling bullet hits the endoplasm.
The endoplasm is heavily wounded.
A ball python comes into view.
Unknown command.
Fire: b) +0 sling (elec)
Press: ? - help, Q - select action, (/) - cycle Shift-Dir - straight line, f/p - endoplasm
Aim: an endoplasm (heavily wounded, 85% to hit)
You shoot a sling bullet. The sling bullet hits the endoplasm!
Lightning courses through the endoplasm!
You kill the endoplasm!
Trog accepts your kill.
Fire: b) +0 sling (elec)
Press: ? - help, Q - select action, (/) - cycle Shift-Dir - straight line, f - ball python
Aim: a ball python (52% to hit)
You shoot a sling bullet. The sling bullet hits the ball python!
You kill the ball python!
Trog accepts your kill.
The ogre hits you with a +0 giant club!!
Ouch! That really hurt!
Fire: b) +0 sling (elec)
Press: ? - help, Q - select action, (/) - cycle Shift-Dir - straight line, f - ogre
Aim: an ogre, wielding a +0 giant club (72% to hit)
You shoot a sling bullet.
The sling bullet barely misses the ogre.
The ogre hits you with a +0 giant club!!
Ouch! That really hurt!
You die...

#.....####....
########.....'.......
#.....##.....#######.
+.....''..........##.
#.....##..........##.
#.....##).........##.
#.....##..........##.
#.....##..........##.
#...@.##..........###
......SO.##..........#
.........###########.###
......#### #..........
...... #........##
...... #........# ......
#........# .....
#........# #######.###


You could see an ogre and a ball python.

Vanquished Creatures
  2 adders (D:2)
  A gnoll (D:1)
  4 dart slugs (D:1)
  2 worms (D:2)
  2 bats (D:1)
  3 endoplasms
  A giant cockroach (D:1)
  5 goblins
  3 hobgoblins (D:1)
  3 jackals (D:1)
  A quokka (D:1)
  6 ball pythons
  2 frilled lizards (D:1)
  4 kobolds
  2 rats
41 creatures vanquished.

Notes
Turn   | Place    | Note
-------+----------+-------------------------------------------
     0 | D:1      | Sabo the Demonspawn Berserker began the quest for the Orb.
     0 | D:1      | Reached XP level 1. HP: 18/18 MP: 1/1
   333 | D:1      | Gained mutation: You may rarely emit foul miasma when
                  | damaged in melee. [demonic ancestry]
   333 | D:1      | Reached XP level 2. HP: 24/24 MP: 2/2
   573 | D:1      | Reached XP level 3. HP: 29/29 MP: 3/3
   725 | D:1      | Reached skill level 1 in Ranged Weapons
   727 | D:1      | Reached ** piety under Trog
  1661 | D:2      | Gained mutation: You have a small tail. [demonic ancestry]
  1661 | D:2      | Reached XP level 4. HP: 35/35 MP: 4/4
  1719 | D:2      | Found a faded altar of an unknown god.
  1849 | D:2      | Noticed an ogre
  1854 | D:2      | Slain by an ogre

Illustrated notes

Levels and vault maps discovered:
D:1:      dpeg_arrival_concentric_ovals, layout_basic, corexii_corridor_pit,
          nicolae_eternal_life
D:2:      layout_basic, dreamdust_ecumenical_altar_sealed_demon

Skill      XL: |  1  2  3 |
---------------+----------+-----
Armour         | 2 |  2.1
Axes           | 3 |  3.1
Dodging        | 2 |  2.0
Ranged Weapons | 2 |  2.2
Fighting       | |  3.4

Action                     |  1- 3 |  4- 6 || total
---------------------------+-------+-------++-------
  Melee: Hand axe          |     6 |       ||     6
   Fire: Sling             |    95 |    10 ||   105
    Use: Scroll            |     6 |       ||     6
 Armour: Robe              |    19 |       ||    19
         Animal skin       |     1 |       ||     1
         Ring mail         |       |     5 ||     5
  Dodge: Dodged            |    49 |     4 ||    53
